 Dungeon Crawl Stone Soup version 0.29.1-13-g9f3cf754e1 (webtiles) character file.

Game seed: 3012106854718345924

11 Ayven the Ruffian (level 2, -1/23 HPs)
             Began as a Draconian Transmuter on Feb 10, 2023.
             Slain by a goblin
             ... wielding a +0 club
              (2 damage)
             ... on level 3 of the Dungeon.
             The game lasted 00:01:52 (336 turns).

Ayven the Ruffian (Draconian Transmuter)             Turns: 336, Time: 00:01:52

Health: -1/23      AC:  4    Str: 12    XL:     2   Next: 13%
Magic:  4/5        EV: 12    Int: 13    God:
Gold:   14         SH:  0    Dex: 11    Spells: 4/5 levels left

rFire   . . .      SeeInvis .     - Unarmed
rCold   . . .      Faith    .   (no shield)
rNeg    . . .      Spirit   .   (body armour unavailable)
rPois   .          Reflect  .   (helmet currently unavailable)
rElec   .          Harm     .   (no cloak)
rCorr   .          Rampage  .   (no gloves)
Will    .....                   (boots currently unavailable)
Stlth   +.........              (no amulet)
HPRegen 0.07/turn               (no ring)
MPRegen 0.09/turn               (no ring)

@: appendages
A: horns 2, talons 2, AC +4, unfitting armour, cold-blooded
a: End Transformation


You were on level 3 of the Dungeon.
You had temporarily grown beastly horns and talons.
You visited 1 branch of the dungeon, and saw 3 of its levels.

You collected 14 gold pieces.

Inventory:

Scrolls
 b - a scroll of identify {unknown}
 c - a scroll of magic mapping {unknown}
 d - 2 scrolls of blinking {unknown}
Potions
 a - 2 potions of lignification
 e - a potion of curing {unknown}


   Skills:
 + Level 1.1 Fighting
 + Level 1.8 Dodging
 + Level 3.2 Unarmed Combat
 + Level 2.1 Spellcasting
 + Level 2.3 Transmutations


You had 4 spell levels left.
You knew the following spells:

 Your Spells              Type           Power      Damage    Failure   Level
a - Beastly Appendage     Tmut           14%        N/A       10%         1

Your spell library contained the following spells:

 Spells                   Type           Power      Damage    Failure   Level
 Wereblood                Tmut           7%         N/A       14%         2
 Slow                     Hex            4%         N/A       26%         1
 Spider Form              Tmut/Pois      4%         N/A       43%         3
 Confusing Touch          Hex            1%         N/A       58%         3
 Vampiric Draining        Necr           1%         2d6       58%         3
 Ice Form                 Ice/Tmut       4%         N/A       83%         4


Dungeon Overview and Level Annotations

Branches:
Dungeon (3/15)

Altars:


Innate Abilities, Weirdness & Mutations

You have temporarily grown beastly horns and talons.
Your plain brown scales are hard. (AC +4)
You cannot fit into any form of body armour.
You are cold-blooded and may be slowed by cold attacks.


Message History

You see here a rat corpse.
Your transformation is almost over.
You barely miss the kobold.
You tail-slap the kobold, but do no damage.
The kobold barely misses you.
You closely miss the kobold. Your kick misses the kobold.
The kobold hits you with a +0 short sword.
You hit the kobold but do no damage. You claw the kobold, but do no damage.
The kobold misses you.
You hit the kobold. You headbutt the kobold.
You kill the kobold!
Things that are here:
a +0 short sword; a kobold corpse Your horns disappear.
Your talons disappear.
A frilled lizard comes into view.
The frilled lizard hisses angrily.
Found 4 boomerangs.
Found a stone staircase leading down.
You grow a pair of large bovine horns.
Your feet morph into talons.
You closely miss the frilled lizard. The frilled lizard barely misses you.
You hit the frilled lizard.
You kill the frilled lizard!
Your transformation is almost over.
Your horns disappear.
Your talons disappear.
A goblin comes into view.
It is wielding a +0 club and carrying a wand of flame (9).
The goblin shouts!
The goblin unwields a +0 club.
The goblin wields a +0 sling.
The goblin shoots a sling bullet.
The sling bullet closely misses you.
You see here a frilled lizard corpse.
The goblin zaps a wand.
The puff of flame misses you.
The goblin shoots a sling bullet.
The sling bullet hits you.
The goblin shoots a sling bullet.
The sling bullet hits you.
You grow a pair of large bovine horns.
Your feet morph into talons.
The goblin shoots a sling bullet.
The sling bullet hits you.
The goblin zaps a wand.
The puff of flame hits you!
* * * LOW HITPOINT WARNING * * *
The goblin shoots a sling bullet.
The sling bullet misses you.
You see here a frilled lizard corpse.
The goblin unwields a +0 sling.
The goblin wields a +0 club.
The goblin hits you with a +0 club.
You die...

.......####..... .
...................# ...
#.......⌠._.. ....
#..#........ .....
#..#......⌠ #
#....####.....#.#.####..
....)..†.............(..
........###....g.......
..........).###@#.#.#
............#.)†#...##
....#####...†....|...#
.... #.....).......#...#
### #..#..........$...##
#............<...##...
#...#.#.####....!.. #.
.... #.#.# ......##.>
..# #.#.# ##.....# .


You could see a goblin.

Vanquished Creatures
  An orc (D:3)
  A giant cockroach (D:2)
  A goblin (D:2)
  2 jackals (D:3)
  A frilled lizard (D:3)
  2 kobolds (D:3)
  2 rats
10 creatures vanquished.

Notes
Turn   | Place    | Note
-------+----------+-------------------------------------------
     0 | D:1      | Ayven the Draconian Transmuter began the quest for the Orb.
     0 | D:1      | Reached XP level 1. HP: 16/16 MP: 3/3
   241 | D:3      | Found a faded altar of an unknown god.
   252 | D:3      | Reached XP level 2. HP: 18/23 MP: 3/5
   334 | D:3      | HP: 1/23 [goblin/puff of flame (9)]
   336 | D:3      | Slain by a goblin

Illustrated notes

Levels and vault maps discovered:
D:1:      wander_arrival_desolate, layout_basic
D:2:      layout_basic, minmay_worlds_worst_comb
D:3:      layout_rooms, hellmonk_ecumenical_altar_run_dry, uniq_ijyb

Action                   || total
-------------------------++-------
Melee: Unarmed           ||    28
       Kick              ||     4
       Headbutt          ||     2
       Tailslap          ||     1
 Cast: Beastly Appendage ||     8
Armor: Skin              ||     9
Dodge: Dodged            ||    18
